 Dungeon Crawl Stone Soup version 0.14-a0-1444-g21dc12d (webtiles) character file.

772 Piginabag the Digger (level 7, -1/51 HPs)
             Began as a Lava Orc Earth Elementalist on Dec 12, 2013.
             Was a Follower of Makhleb.
             Slain by Crazy Yiuf
             ... wielding a +3,+4 quarterstaff of chaos
              (2 damage)
             ... on Level 4 of the Dungeon on Dec 13, 2013.
             The game lasted 00:29:41 (4860 turns).

Piginabag the Digger (Lava Orc Earth Elementalist)  Turns: 4860, Time: 00:29:42

HP  -1/51        AC  5     Str 13      XL: 7   Next: 20%
MP  17/17        EV 12     Int 15      God: Makhleb [*.....]
Gold 158         SH  0     Dex 11      Spells:  3 memorised,  6 levels left

rFire  + . .     SeeInvis .     (no weapon)
rCold  . . .     Clarity  .     c - +0 orc robe
rNeg   . . .     Conserve .     (no shield)
rPois  .         rCorr    .     (no helmet)
rElec  .         rRot     .     (no cloak)
SustAb . .       Spirit   .     (no gloves)
rMut   .         Warding  .     (no boots)
Gourm  +         Stasis   .     q - amulet of the gourmand
                                (no ring)
                                (no ring)

@: slightly resistant to hostile enchantments, fairly stealthy
A: conserve scrolls, saprovore 1
a: Renounce Religion


You were on level 4 of the Dungeon.
You worshipped Makhleb.
Makhleb was aware of your devotion.
You were not hungry.

You visited 1 branch of the dungeon, and saw 4 of its levels.

You collected 158 gold pieces.

Inventory:

Hand weapons
 t - a cursed -2,-1 mace
Missiles
 b - 31 stones (quivered)
Armour
 c - a +0 orcish robe (worn)
Magical devices
 o - a wand of slowing (21)
Comestibles
 a - 2 meat rations
 g - a pear
 k - 11 grapes
 z - a chunk of ogre flesh
 A - a choko
Scrolls
 h - 2 scrolls of enchant weapon II {unknown}
 i - 2 scrolls of noise
 j - a scroll of remove curse {unknown}
 p - a scroll of immolation
 r - a scroll of enchant armour
 u - a scroll of magic mapping {unknown}
 v - a scroll of recharging {unknown}
 x - 2 scrolls of enchant weapon I
Jewellery
 n - an uncursed amulet of conservation
 q - an amulet of the gourmand (around neck)
Potions
 e - a potion of heal wounds {unknown}
 l - a potion of flight {unknown}
 m - a potion of paralysis {unknown}
 w - a potion of restore abilities {unknown}
Books
 d - a book of Geomancy

   Spells                             Type                      Level
   *Sandblast                         Earth                        1
   Stoneskin                          Transmutation/Earth          2
   Passwall                           Transmutation/Earth          3
   *Stone Arrow                       Conjuration/Earth            3
   *Petrify                           Transmutation/Earth          4
   Lee's Rapid Deconstruction         Earth                        5


   Skills:
 + Level 0.5 Fighting
 + Level 2.7 Dodging
 + Level 2.1 Stealth
 + Level 0.4 Unarmed Combat
 + Level 4.1 Spellcasting
 + Level 1.3 Transmutations
 + Level 6.2 Earth Magic


You had 6 spell levels left.
You knew the following spells:

 Your Spells              Type           Power        Failure   Level  Hunger
a - Sandblast             Erth           ###...       1%          1    None
b - Stone Arrow           Conj/Erth      ##....       17%         3    ###....
c - Petrify               Trmt/Erth      ##......     41%         4    ####...


Dungeon Overview and Level Annotations

Branches:
Dungeon (4/16)
 Temple: D:4-7

Altars:
Makhleb
Xom

Annotations:
D:4 Crazy Yiuf


Innate Abilities, Weirdness & Mutations

You have stony skin.
Your flesh is heat resistant.
Your flesh is vulnerable to cold.
Your heat harms attackers.
You bathe your surroundings in blazing heat.
You are too hot to use scrolls.
You are very good at protecting items from fire.
You can tolerate rotten meat.


Message History

It hits you.
You feel sick.
You hit the fungus but do no damage.
You feel sick.
You feel sick.
You feel sick.
You feel sick.
You feel sick.
You feel a little better.
You feel sick.
Crazy Yiuf appears from thin air!
Reactivating autopickup.
Crazy Yiuf zaps a wand.
Crazy Yiuf flickers and vanishes!
Deactivating autopickup; reactivate with Ctrl-A.
It hits you!
* * * LOW HITPOINT WARNING * * *
Drink which item? (? for menu, Esc to quit)
You feel better. It hits you!
* * * LOW HITPOINT WARNING * * *
It burns you.
You die...

#####.########.# ##.#
####...........##.# #.#
......##.#####.##.# #.#
#≈≈≈≈≈##.# #.##.# #.#
≈≈...≈≈..# #.##.# #.#
≈..§..≈#######.#..# #.#
≈.§§§.≈%%%........######.#
≈.....≈###....)<)........#
≈≈...≈≈###.#.#.#@.##.#####
#≈≈≈≈≈.........#{.##.#
####.#####.#.###..##.# ..#
#.........##.# ....
......###.###.#
.......#....###.###.#
...... #.........##.#
.....#..#.###..##.# . #.
#..##.#


There were no monsters in sight!

Vanquished Creatures
  Grinder (D:3)
  An ogre (D:4)
  Sigmund (D:3)
  An orc priest (D:3)
  A hound (D:4)
  2 worker ants (D:4)
  Jessica (D:3)
  4 adders
  2 giant mites
  2 giant geckos
  3 oozes
  6 orcs
  8 goblins
  7 hobgoblins
  7 jackals
  3 quokkas
  A ball python (D:2)
  13 bats
  4 giant cockroaches
  A giant gecko skeleton (D:4)
  3 giant newts
  A goblin skeleton (D:4)
  8 kobolds
  An orc skeleton (D:4)
  11 rats
93 creatures vanquished.

Vanquished Creatures (others)
  A giant cockroach (D:4)
  A kobold (D:4)
  A rat (D:4)
3 creatures vanquished.

Grand Total: 96 creatures vanquished

Notes
Turn   | Place    | Note
--------------------------------------------------------------
     0 | D:1      | Piginabag, the Lava Orc Earth Elementalist, began the quest for the Orb.
     0 | D:1      | Reached XP level 1. HP: 14/14 MP: 2/2
   312 | D:1      | Reached XP level 2. HP: 8/20 MP: 0/3
  1376 | D:2      | Reached XP level 3. HP: 18/26 MP: 0/5
  1444 | D:2      | Reached skill level 4 in Earth Magic
  1831 | D:2      | Found a burning altar of Makhleb.
  1892 | D:2      | Became a worshipper of Makhleb the Destroyer
  2323 | D:3      | Reached XP level 4. HP: 29/33 MP: 5/7
  2365 | D:3      | Noticed Jessica
  2391 | D:3      | Killed Jessica
  2537 | D:3      | Acquired Makhleb's first power
  2644 | D:3      | Noticed Grinder
  2680 | D:3      | Paralysed by Grinder for 4 turns
  2685 | D:3      | Paralysed by Grinder for 6 turns
  3006 | D:3      | Paralysed by Grinder for 6 turns
  3017 | D:3      | Killed Grinder
  3017 | D:3      | Reached skill level 5 in Earth Magic
  3017 | D:3      | Reached XP level 5. HP: 14/38 MP: 3/11
  3017 | D:3      | Reached XP level 6. HP: 16/45 MP: 3/13
  3201 | D:3      | Noticed Sigmund
  3680 | D:3      | Killed Sigmund
  3961 | D:3      | Reached skill level 6 in Earth Magic
  4101 | D:4      | Found a shimmering altar of Xom.
  4453 | D:4      | Reached XP level 7. HP: 16/51 MP: 0/15
  4726 | D:4      | Learned a level 3 spell: Stone Arrow
  4731 | D:4      | Learned a level 4 spell: Petrify
  4830 | D:4      | Noticed Crazy Yiuf
  4860 | D:4      | HP: 1/51 [something (12)]
  4860 | D:4      | Slain by Crazy Yiuf

Action                   |  1- 3 |  4- 6 |  7- 9 || total
-------------------------+-------+-------+-------++-------
Melee: Unarmed           |    60 |    16 |     3 ||    79
 Cast: Sandblast         |    83 |    98 |    20 ||   201
  Use: Scroll            |     5 |     1 |     1 ||     7
       Potion            |       |     3 |     1 ||     4
